 Dungeon Crawl Stone Soup version 0.28-a0-245-g639a1a48b9 (webtiles) character file.

Game seed: 80351754531776694

203 porpoise the Skirmisher (level 5, -6/59 HPs)
             Began as an Ogre Arcane Marksman on Aug 25, 2021.
             Mangled by Crazy Yiuf (17 damage)
             ... on level 3 of the Dungeon.
             The game lasted 00:13:12 (4303 turns).

porpoise the Skirmisher (Ogre Arcane Marksman)      Turns: 4303, Time: 00:13:13

Health: -6/59      AC:  3    Str: 14    XL:     5   Next: 81%
Magic:  6/6        EV:  9    Int: 15    God:
Gold:   152        SH:  0    Dex:  9    Spells: 5/6 levels left

rFire   . . .      SeeInvis .   a - +0 flail
rCold   . . .      Faith    .   (no shield)
rNeg    . . .      Spirit   .   n - +0 robe
rPois   .          Reflect  .   (helmet restricted)
rElec   .          Harm     .   l - scarf {repulsion}
rCorr   .          Rampage  .   (gloves unavailable)
Will    .....                   (boots unavailable)
Stlth   +.........              (no amulet)
HPRegen 0.19/turn               (no ring)
MPRegen 0.10/turn               (no ring)

@: repel missiles
A: large, unfitting armour, tough skin 1
a: no special abilities


You were on level 3 of the Dungeon.
You visited 1 branch of the dungeon, and saw 3 of its levels.

You collected 152 gold pieces.

Inventory:

Hand Weapons
 a - a +0 flail (weapon)
Missiles
 f - 57 stones
 g - 25 sling bullets
 m - 3 large rocks (quivered)
 s - 5 curare-tipped darts
Armour
 l - a scarf of repulsion (worn)
 n - a +0 robe (worn)
Wands
 b - a wand of flame (16)
 q - a wand of iceblast (6)
Scrolls
 h - a scroll of identify {unknown}
 i - a scroll of fog {unknown}
 k - a scroll of teleportation {unknown}
 o - a scroll of noise {unknown}
 r - a scroll of blinking {unknown}
Potions
 c - a potion of flight {unknown}
 d - a potion of attraction {unknown}
 e - 6 potions of curing
 j - 2 potions of cancellation {unknown}
 p - 3 potions of resistance {unknown}


   Skills:
 * Level 6.0 Fighting
 + Level 2.6 Maces & Flails
 - Level 2.0 Throwing
 - Level 1.7 Dodging
 - Level 1.2 Spellcasting
 - Level 2.6 Hexes


You had 5 spell levels left.
You knew the following spells:

 Your Spells              Type           Power      Damage    Failure   Level
a - Corona                Hex            8%         N/A       9%          1

Your spell library contained the following spells:

 Spells                   Type           Power      Damage    Failure   Level
 Slow                     Hex            8%         N/A       12%         2
 Inner Flame              Hex/Fire       4%         N/A       38%         3
 Portal Projectile        Hex/Tloc       8%         N/A       38%         3
 Call Canine Familiar     Summ           0%         N/A       58%         3
 Cause Fear               Hex            4%         N/A       63%         4
 Leda's Liquefaction      Hex/Erth       2%         N/A       80%         4


Dungeon Overview and Level Annotations

Branches:
Dungeon (3/15)

Altars:

Shops:
D:2 =[

Annotations:
D:3 Crazy Yiuf


Innate Abilities, Weirdness & Mutations

You are too large for most types of armour.
You have tough skin. (AC +1)


Message History

You kill the endoplasm!
You start resting.
HP restored.
Found an escape hatch in the ceiling.
There is an escape hatch in the ceiling here.
Found a mace.
Found a runed translucent door.
Crazy Yiuf shouts!
You open the door.
Crazy Yiuf yells, "Sif Muna light tortoise!"
You barely miss Crazy Yiuf.
Crazy Yiuf hits you with a +3 quarterstaff of chaos.
Crazy Yiuf freezes you.
You closely miss Crazy Yiuf. Crazy Yiuf hits you but does no damage.
You are poisoned.
Crazy Yiuf hits you with a +3 quarterstaff of chaos!
You are electrocuted!
You barely miss Crazy Yiuf.
You feel very sick.
Crazy Yiuf hits you with a +3 quarterstaff of chaos!
* * * LOW HITPOINT WARNING * * *
Crazy Yiuf freezes you.
* * * LOW HITPOINT WARNING * * *
You barely miss Crazy Yiuf.
You feel sick.
Crazy Yiuf hits you with a +3 quarterstaff of chaos!
* * * LOW HITPOINT WARNING * * *
You are more poisoned.
You feel better.
Crazy Yiuf whimpers, "Orb alas horse!"
Crazy Yiuf barely misses you.
Throw: 57 stones
Press: ? - help, Q - select action, (/) - cycle Shift-Dir - straight line, f - Crazy Yiuf
Aim: Crazy Yiuf, wielding a +3 quarterstaff of chaos and wearing a +0 cloak (63% to hit)
Okay, then.
Throw: 4 large rocks
Press: ? - help, Q - select action, (/) - cycle Shift-Dir - straight line, f - Crazy Yiuf
Aim: Crazy Yiuf, wielding a +3 quarterstaff of chaos and wearing a +0 cloak (63% to hit)
You throw a large rock.
The large rock closely misses Crazy Yiuf.
Crazy Yiuf hits you with a +3 quarterstaff of chaos!
You die...

#.......# #.......#
#.......# ######### ##
####. ### ########....
#)..### ##....#...##.
#(..g@####.......#....
#...##..#...........##
### ###.#..........#
#######..##### #.##
### #####.# #..
#....######..
########....#.......
#.............####..


You could see Crazy Yiuf.

Vanquished Creatures
  Jessica (D:2)
  Terence (D:2)
  A gnoll (D:1)
  6 adders
  A white imp (D:2)
  2 worms
  3 dart slugs
  An orc (D:3)
  9 ball pythons
  3 bats
  9 endoplasms
  11 goblins
  6 hobgoblins
  2 quokkas
  3 frilled lizards
  9 kobolds
  3 rats
71 creatures vanquished.

Vanquished Creatures (others)
  A plant (D:1)
1 creature vanquished.

Grand Total: 72 creatures vanquished

Notes
Turn   | Place    | Note
-------+----------+-------------------------------------------
     0 | D:1      | porpoise the Ogre Arcane Marksman began the quest for the
                  | Orb.
     0 | D:1      | Reached XP level 1. HP: 19/19 MP: 2/2
    75 | D:1      | Reached skill level 2 in Fighting
   328 | D:1      | Reached XP level 2. HP: 10/29 MP: 3/3
  1216 | D:1      | Reached skill level 3 in Fighting
  1216 | D:1      | Reached skill level 1 in Maces & Flails
  1216 | D:1      | Reached XP level 3. HP: 37/37 MP: 4/4
  1779 | D:2      | Reached skill level 4 in Fighting
  1826 | D:2      | Noticed Terence
  1846 | D:2      | Killed Terence
  1847 | D:2      | Reached XP level 4. HP: 10/49 MP: 5/5
  2135 | D:2      | Noticed Jessica
  2141 | D:2      | Killed Jessica
  2142 | D:2      | Reached skill level 5 in Fighting
  2142 | D:2      | Reached XP level 5. HP: 57/57 MP: 6/6
  2782 | D:2      | Found Noohat's Antique Armour Boutique.
  2939 | D:2      | Found a faded altar of an unknown god.
  3007 | D:2      | Found Hoiditu's Jewellery Boutique.
  4016 | D:3      | Reached skill level 6 in Fighting
  4203 | D:3      | Found a runed translucent door.
  4204 | D:3      | Noticed Crazy Yiuf
  4303 | D:3      | Mangled by Crazy Yiuf

Illustrated notes

Levels and vault maps discovered:
D:1:      scummos_arrival_star, layout_basic, serial_bayou_pond_b
D:2:      layout_loops_cross, hellmonk_ecumenical_altar_leap_of_faith,
          serial_shops, nicolae_lakefront_shop, shop, uniq_terence, uniq_jessica
D:3:      layout_rooms, uniq_crazy_yiuf_cottage

Skill      XL: |  1  2  3  4  5 |
---------------+----------------+-----
Fighting       | 2 3 4 5 6 |  6.0
Maces & Flails | 1 2 |  2.6
Throwing       | |  2.0
Dodging        | |  1.7
Spellcasting   | |  1.2
Hexes          | |  2.6

Action                   |  1- 3 |  4- 6 || total
-------------------------+-------+-------++-------
Melee: Mace              |    57 |       ||    57
       Flail             |    64 |   111 ||   175
Throw: Stone             |     5 |    28 ||    33
       Large rock        |     7 |    10 ||    17
       Throwing net      |     2 |       ||     2
  Use: Potion            |       |     1 ||     1
 Stab: Held in net/web   |     2 |       ||     2
Armor: Robe              |    45 |    27 ||    72
Dodge: Dodged            |    50 |    53 ||   103
       Repelled          |     2 |     3 ||     5

Table legend: (Time is in decaauts)
 A = Elapsed time spent in this place.
 B = Non-inter-level travel time spent in this place.
 C = Inter-level travel time spent in this place.
 D = Time resting spent in this place.
 E = Time spent auto-exploring this place.
 F = Levels seen in this place.
 G = Mean time per level.
                   A        B        C        D        E       F      G
               +--------+--------+--------+--------+--------+-----+--------+
         Total |   4403 |   4319 |     84 |   1992 |   1405 |   3 | 1467.7 |
       Dungeon |   4403 |   4319 |     84 |   1992 |   1405 |   3 | 1467.7 |
               +--------+--------+--------+--------+--------+-----+--------+

Top non-repeatable levels by time:
     D:2: 1864 daAuts
     D:1: 1778 daAuts
     D:3: 760 daAuts
